 Dungeon Crawl Stone Soup version 0.28.0-53-g5a82cb258f (webtiles) character file.

Game seed: 7653217744536464058

397 Cykl0x the Digger (level 6, -10/32 HPs)
             Began as a Gargoyle Earth Elementalist on May 22, 2022.
             Mangled by an ogre
             ... wielding a +0 giant spiked club
              (15 damage)
             ... on level 4 of the Dungeon.
             The game lasted 00:08:42 (4586 turns).

Cykl0x the Digger (Gargoyle Earth Elementalist)     Turns: 4586, Time: 00:08:42

Health: -10/32     AC:  7    Str:  8 (11) XL:     6   Next: 83%
Magic:  1/11       EV: 12    Int: 15 (18) God:
Gold:   156        SH:  0    Dex:  8 (10) Spells: 8/12 levels left

rFire   . . .      SeeInvis .   l - +2 flail (holy)
rCold   . . .      Faith    .   (no shield)
rNeg    + . .      Spirit   .   b - +0 robe
rPois   ∞          Reflect  .   i - +0 helmet
rElec   +          Harm     .   (no cloak)
rCorr   .          Rampage  .   (no gloves)
Will    .....                   (no boots)
Stlth   +.........              (no amulet)
HPRegen 0.10/turn               (no ring)
MPRegen 0.12/turn               (no ring)

@: confused, attractive
A: sickness immunity, AC +4, negative energy resistance 1, electricity
resistance, torment resistance 1, petrification resistance
a: no special abilities


You were on level 4 of the Dungeon.
You visited 1 branch of the dungeon, and saw 4 of its levels.

You collected 156 gold pieces.

Inventory:

Hand Weapons
 a - a +1 mace
 k - a +0 flail
 l - a +2 flail of holy wrath (weapon)
Missiles
 c - 5 stones
 s - a throwing net
Armour
 b - a +0 robe (worn)
 e - a +0 buckler
 f - a +0 leather armour
 i - a +0 helmet (worn)
Wands
 j - a wand of flame (30)
 q - a wand of acid (10)
Scrolls
 m - a scroll of immolation
 p - a scroll of teleportation {unknown}
Potions
 d - a potion of lignification
 g - a potion of heal wounds {unknown}
 h - a potion of attraction
 o - a potion of brilliance {unknown}
 r - a potion of ambrosia {unknown}
 t - a potion of magic {unknown}


   Skills:
 + Level 2.0 Maces & Flails
 + Level 2.0 Dodging
 - Level 2.1 Stealth
 + Level 3.9 Spellcasting
 * Level 3.3 Conjurations
 - Level 0.7 Transmutations
 + Level 5.6 Earth Magic


You had 8 spell levels left.
You knew the following spells:

 Your Spells              Type           Power      Damage    Failure   Level
a - Sandblast             Erth           38%        2d10      1%          1
b - Stone Arrow           Conj/Erth      32%        3d9       9%          3

Your spell library contained the following spells:

 Spells                   Type           Power      Damage    Failure   Level
 Passwall                 Tmut/Erth      10%        N/A       8%          2
 Petrify                  Tmut/Erth      12%        N/A       45%         4
 Gell's Gravitas          Tloc           2%         N/A       50%         3
 Ozocubu's Armour         Ice            2%         N/A       50%         3
 Teleport Other           Tloc           2%         N/A       50%         3
 Metabolic Englaciation   Hex/Ice        1%         N/A       99%         5
 Dispersal                Tloc           1%         N/A       100%        6
 Simulacrum               Ice/Necr       1%         N/A       100%        6


Dungeon Overview and Level Annotations

Branches:
Dungeon (4/15)
 Temple: D:4-7

Altars:
Fedhas
Xom

Shops:
D:1 :=(


Innate Abilities, Weirdness & Mutations

You are immune to sickness and miasma.
Your stone body is resilient. (AC +4)
You are immune to poison.
You resist negative energy. (rN+)
You are resistant to electric shocks. (rElec)
You are resistant to unholy torment.
You are immune to petrification.


Message History

No target in view!
No target in view!
You closely miss something. Something hits you.
You miss something.
You hear some strange, mumbled words.
Something tries to affect you, but you resist.
You barely miss something. Something hits you but does no damage.
You closely miss something. Something hits you but does no damage.
Something hits you.
You barely miss something. Something hits you.
You miss something.
You hear some strange, mumbled words.
A puff of flame appears from out of thin air!
The puff of flame hits you!
* * * LOW HITPOINT WARNING * * *
You closely miss something. Something hits you.
* * * LOW HITPOINT WARNING * * *
Something hits you but does no damage.
You miss something.
An orc wizard appears from thin air!
Reactivating autopickup.
The orc wizard points at you and mumbles some strange words.
You are confused.
You miss the orc wizard.
The orc wizard is almost dead.
The ogre shouts!
The orc wizard barely misses you.
It was a potion of attraction.
You feel attractive to monsters.
The orc wizard points at you and mumbles some strange words.
The magic dart hits you.
* * * LOW HITPOINT WARNING * * *
Found a runed ring mail.
The orc wizard casts a spell.
The orc wizard flickers and vanishes!
Deactivating autopickup; reactivate with Ctrl-A.
It was a potion of degeneration.
There was something very wrong with that liquid.
You feel weakened.
You feel dopey.
You feel clumsy.
The ogre hits you with a +0 giant spiked club!
You die...

.... .( ...# .
##..#. # #... .
#.... ..# #..# .#
#..# ..####..##.##
##..##.............
# ........#....)...
.# ##..###.#.# #.)#
[.
......#.#.###){###.#
....#...#......O@..#
##..#..##..##..###.#
#...............# ..
#..#..##..##.##.# .#
....#..##..##$# .# #
.......##...$.. #
.##.##.##..##.# . #.
#.##..##.# # #.##../


You could see an ogre.

Vanquished Creatures
  An orc warrior (D:4)
  2 scorpion zombies (D:3)
  A hound zombie (D:3)
  2 hound skeletons (D:3)
  5 adders
  7 gnolls
  An adder skeleton (D:3)
  3 adder zombies (D:3)
  A worm (D:2)
  2 dart slugs
  6 orcs
  4 ball pythons
  4 endoplasms
  6 giant cockroaches
  2 goblins
  4 hobgoblins
  3 jackals (D:1)
  2 quokkas
  A ball python zombie (D:3)
  2 bats (D:1)
  12 frilled lizards (D:1)
  A giant cockroach zombie (D:3)
  A jackal skeleton (D:3)
  5 kobolds
  5 rats
83 creatures vanquished.

Vanquished Creatures (others)
  5 dream sheep (D:4)
  9 plants
  9 withered plants (D:3)
23 creatures vanquished.

Grand Total: 106 creatures vanquished

Notes
Turn   | Place    | Note
-------+----------+-------------------------------------------
     0 | D:1      | Cykl0x the Gargoyle Earth Elementalist began the quest for
                  | the Orb.
     0 | D:1      | Reached XP level 1. HP: 10/10 MP: 3/3
    57 | D:1      | Found Taunn's Jewellery Shop.
    99 | D:1      | Reached skill level 4 in Earth Magic
    99 | D:1      | Reached XP level 2. HP: 10/15 MP: 0/5
   520 | D:1      | Found Docvi's Antique Weapon Shop.
   603 | D:1      | Reached XP level 3. HP: 19/19 MP: 2/6
   605 | D:1      | Reached skill level 1 in Conjurations
   609 | D:1      | Learned a level 3 spell: Stone Arrow
   880 | D:1      | Found Ozxateuv's Book Emporium.
  2405 | D:2      | Reached XP level 4. HP: 24/24 MP: 2/8
  2460 | D:2      | Found a faded altar of an unknown god.
  2472 | D:2      | Reached skill level 1 in Maces & Flails
  2812 | D:3      | Reached XP level 5. HP: 26/28 MP: 1/9
  3774 | D:3      | Reached skill level 5 in Earth Magic
  3774 | D:3      | Reached XP level 6. HP: 32/32 MP: 1/11
  3899 | D:3      | Identified the +1 long sword of the Vestibule of Hell
                  | {pain, Int+4 Stlth+}
  4146 | D:4      | Noticed an orc warrior
  4168 | D:4      | Killed an orc warrior
  4345 | D:4      | Found a blossoming altar of Fedhas.
  4362 | D:4      | Noticed a dream sheep
  4362 | D:4      | Noticed a dream sheep
  4362 | D:4      | Noticed a dream sheep
  4362 | D:4      | Noticed a dream sheep
  4362 | D:4      | Noticed a dream sheep
  4362 | D:4      | Found a shimmering altar of Xom.
  4367 | D:4      | Killed a dream sheep
  4367 | D:4      | Killed a dream sheep
  4367 | D:4      | Killed a dream sheep
  4367 | D:4      | Killed a dream sheep
  4367 | D:4      | Killed a dream sheep
  4586 | D:4      | Mangled by an ogre

Illustrated notes

Levels and vault maps discovered:
D:1:      erik_arrival_triangle_huge, layout_basic, serial_shops, shop,
          nicolae_shop_trees, shop, kennysheep_small_spiral, minmay_lizard_king
D:2:      layout_basic, shapermc_ecumenical_altar_notcrosses
D:3:      layout_basic, serial_undead, serial_undead_c, serial_undead_f,
          serial_undead_b, serial_undead_b, serial_undead_d, serial_undead_e,
          serial_undead_f, serial_undead_d, serial_undead_b, serial_undead_b
D:4:      layout_loops_ring, fedhas_ov_isle_minmay, kb_xom_exploding_sheep,
          kennysheep_cross_bottleneck

Skill      XL: |  1  2  3  4  5  6 |
---------------+-------------------+-----
Earth Magic    | 4 5 |  5.6
Conjurations   | 1 2 3 |  3.3
Spellcasting   | 3 |  3.9
Maces & Flails | 1 2 |  2.0
Dodging        | 2 |  2.0
Stealth        | |  2.1
Transmutations | |  0.7

Action                   |  1- 3 |  4- 6 || total
-------------------------+-------+-------++-------
Melee: Mace              |    36 |    13 ||    49
       Punch             |     1 |       ||     1
       Flail             |       |    37 ||    37
 Cast: Sandblast         |    39 |    52 ||    91
       Stone Arrow       |    12 |    23 ||    35
  Use: Scroll            |     3 |     2 ||     5
       Potion            |       |     2 ||     2
Armor: Robe              |    12 |    32 ||    44
Dodge: Dodged            |    37 |    45 ||    82
